 Dungeon Crawl Stone Soup version 0.18.1-50-g88ac8fd (webtiles) character file.

31155 Tasticka the Severer (level 13, -8/118 HPs)
             Began as a Hill Orc Fighter on Oct 16, 2016.
             Was the Champion of Okawaru.
             Killed from afar by Nikola (9 damage)
             ... with a chain lightning
             ... on level 1 of the Shoals.
             The game lasted 01:02:58 (15798 turns).

Tasticka the Severer (Hill Orc Fighter)            Turns: 15798, Time: 01:02:58

Health: -8/118     AC: 23    Str: 27 (28) XL:     13   Next: 56%
Magic:  13/15      EV: 13    Int:  7 (8)  God:    Okawaru [******]
Gold:   953        SH: 23    Dex: 20      Spells: 4 memorised, 10 levels left

rFire  + . .     SeeInvis .     p - +3 war axe (drain)
rCold  . . .     Gourm    .     C - +2 chain mail of Nemelex Xobeh's Hope {*Contam Dex+4}
rNeg   + . .     Faith    .     c - +2 shield
rPois  +         Spirit   .     (no helmet)
rElec  .         Dismiss  .     r - +0 cloak
rCorr  .         Reflect  +     K - +2 pair of gloves {Dex+3}
SustAt .         Harm     .     L - +0 pair of boots
MR     .....                    J - +5 amulet of reflection
Stlth  ..........               m - ring of Ostri {rPois Str+4 Dex+3}
                                s - ring of positive energy

@: heroism, not resistant to hostile enchantments, extremely unstealthy
A: deterioration 1, fire resistance 1, low mp 1, screaming 1, subdued magic 2
a: Heroism, Finesse, Renounce Religion


You were on level 1 of the Shoals.
You worshipped Okawaru.
Okawaru was exalted by your worship.
You were not hungry.

You visited 4 branches of the dungeon, and saw 15 of its levels.
You also visited: Labyrinth.

You collected 953 gold pieces.

Inventory:

Hand Weapons
 p - a +3 war axe of draining (weapon)
Armour
 a - a +2 plate armour of positive energy
 c - a +2 shield (worn)
 l - the cursed +1 leather armour of the Hidden Vale {rPois rC- rCorr Stlth+, unknown}
   (You found it on level 5 of the Lair of Beasts)

   It makes you vulnerable to cold.
   It protects you from poison.
   It protects you from acid and corrosion.
   It makes you more stealthy.
   It has a curse placed upon it.
 r - a +0 cloak (worn)
 C - the +2 chain mail of Nemelex Xobeh's Hope (worn) {*Contam Dex+4}
   (You found it on level 7 of the Dungeon)

   It affects your dexterity (+4).
   It causes magical contamination when unequipped.
 K - a +2 pair of gloves of dexterity (worn)
 L - a +0 pair of boots (worn)
Magical Staves
 b - an uncursed staff of poison
Jewellery
 m - the ring of Ostri (right hand) {rPois Str+4 Dex+3}
   (You found it on level 4 of the Dungeon)

   [ring of poison resistance]

   It affects your strength (+4).
   It affects your dexterity (+3).
   It protects you from poison.
 s - a ring of positive energy (left hand)
 v - an uncursed amulet of magic regeneration
 D - a cursed ring of teleportation {unknown}
 J - a +5 amulet of reflection (around neck)
 N - an uncursed amulet of faith
 T - an uncursed ring of sustain attributes {unknown}
 Y - a cursed ring of teleportation {unknown}
Wands
 e - a wand of slowing (12/48)
 g - a wand of digging (4/24)
 k - a wand of slowing (21/48)
 y - a wand of paralysis (18/24)
 F - a wand of acid (6/15)
 R - a wand of flame (19/48)
 S - a wand of confusion (17/48)
Scrolls
 f - a scroll of blinking
 n - a scroll of silence
 z - 5 scrolls of remove curse
 A - a scroll of fog {unknown}
 E - 2 scrolls of teleportation
 P - 2 scrolls of recharging
 Q - a scroll of magic mapping
Potions
 t - a potion of ambrosia
 u - a potion of brilliance
 x - a potion of curing
 G - a potion of haste
Books
 i - a book of Maledictions

   Spells                             Type                      Level
   a - Corona                         Hexes                        1
   b - Ensorcelled Hibernation        Hexes/Ice                    2
   c - Confuse                        Hexes                        3
   d - Tukima's Dance                 Hexes                        3
   e - Dazzling Spray                 Conjuration/Hexes            3
 B - a book of Misfortune

   Spells                             Type                      Level
   a - Confusing Touch                Hexes                        2
   b - Confuse                        Hexes                        3
   c - Gell's Gravitas                Hexes/Translocation          3
   d - Petrify                        Transmutation/Earth          4
   e - Metabolic Englaciation         Hexes/Ice                    5
   f - Yara's Violent Unravelling     Hexes/Transmutation          5
 X - a Young Poisoner's Handbook

   Spells                             Type                      Level
   a - Sting                          Conjuration/Poison           1
   b - Cure Poison                    Poison                       2
   c - Mephitic Cloud                 Conjuration/Poison/Air       3
   d - Olgreb's Toxic Radiance        Poison                       4
   e - Venom Bolt                     Conjuration/Poison           5
 Z - the Incunabulum of the Displaced Blaze
   (You found it in a labyrinth)

   Spells                             Type                      Level
   a - Flame Tongue                   Conjuration/Fire             1
   b - Apportation                    Translocation                1
   c - Inner Flame                    Hexes/Fire                   3
   d - Recall                         Summoning/Translocation      3
   e - Summon Forest                  Summoning/Translocation      5
   f - Ring of Flames                 Charms/Fire                  7
Miscellaneous
 d - a disc of storms
 j - a stone of tremors
 o - a plain deck of changes
 q - a lamp of fire
Comestibles
 h - 6 meat rations
 M - a royal jelly


   Skills:
 * Level 12.3(17.3) Fighting
 * Level 15.3(20.3) Axes
 * Level 11.5(16.5) Armour
 * Level 13.4(18.4) Shields
 + Level 2.6 Spellcasting
 - Level 1.8 Hexes


You had 10 spell levels left.
You knew the following spells:

 Your Spells              Type           Power        Failure   Level  Hunger
a - Confusing Touch       Hex            #.....       86%         2    ###....
b - Confuse               Hex            #.......     99%         3    ####...
c - Sandblast             Erth           #.....       92%         1    ##.....
d - Corona                Hex            #......      65%         1    ##.....


Dungeon Overview and Level Annotations

Branches:
Dungeon (8/15)             Temple (1/1) D:6            Lair (5/8) D:8
 Shoals (1/4) Lair:5
  Snake: Lair:3-6    Spider: Lair:3-6

Altars:
Ashenzari
Cheibriados
Dithmenos
Elyvilon
Fedhas
Gozag
Kikubaaqudgha
Makhleb
Nemelex Xobeh
Okawaru
Ru
Sif Muna
Trog
Vehumet
Xom
The Shining One

Annotations:
Shoals:1 Nikola


Innate Abilities, Weirdness & Mutations

Your body sometimes deteriorates upon taking damage.
Your flesh is heat resistant.
Your magical capacity is low (-10% MP).
You occasionally shout uncontrollably at your foes.
Your spells are easier to cast, but less powerful.


Message History

You hear a mighty clap of thunder!
The lightning arc hits you!
Your body deteriorates!
You feel dopey.
The lightning arc hits Nikola.
The lightning arc hits you!
The lightning arc hits Nikola.
The lightning arc hits you!
The lightning arc hits Nikola.
You hear a screech!
You hear a shout!
You gain the combat prowess of a mighty hero.
You feel slightly more hungry. You block Nikola's attack.
You completely miss Nikola.
Nikola is moderately wounded.
Nikola gestures wildly while chanting.
You hear a mighty clap of thunder!
The lightning arc hits you!
* * * LOW HITPOINT WARNING * * *
The lightning arc hits Nikola.
The lightning arc hits you!
* * * LOW HITPOINT WARNING * * *
Your body deteriorates!
You feel weakened.
The lightning arc hits Nikola.
The lightning arc hits you!
You die...

..≈≈≈≈≈≈≈≈≈≈≈≈≈≈≈
..≈≈≈≈≈≈≈..≈≈≈≈≈≈≈≈
....≈≈≈≈≈..≈≈≈≈≈≈.≈≈≈
##......≈..≈..≈≈≈≈..≈ .
###..†.....≈≈≈≈≈≈≈.≈≈ ≈≈
# #..≈.....≈≈≈≈≈...≈ ≈≈≈
###.≈≈.....≈≈≈≈.... ≈≈≈≈
.......##......@## =.≈≈≈
...##.####......@#..≈≈≈≈
...#####.....≈≈≈...≈≈≈≈≈
≈≈.# #........≈≈..≈....
≈≈≈. #.≈≈≈.....≈≈......
≈≈.. #..≈≈≈......≈≈..≈≈.
.≈..>..≈≈≈≈≈..........≈≈
...≈≈≈≈≈≈≈≈...#....≈.≈≈≈
....≈≈....≈≈.....≈≈≈≈≈≈≈
# ≈.....≈≈..P.≈≈≈≈≈≈≈≈


You could see Nikola.

Vanquished Creatures
  The ghost of wojtek the Spry, a journeyman KoBe of Trog (Lair:5)
  A minotaur (Lab)
  Josephine (Lair:4)
  Fannar (Lair:2)
  Harold (Lair:4)
  A hydra (Lair:5)
  A queen ant (Lair:3)
  The ghost of Thael the Slasher, a novice HuFi of the Shining One (D:8)
  Urug (Lair:3)
  A griffon (Lair:2)
  5 elephants (Lair:4)
  A manticore (Lair:5)
  Joseph (D:8)
  4 black mambas
  3 spiny frogs
  3 rime drakes
  6 komodo dragons
  Prince Ribbit (D:8)
  16 blink frogs
  A wind drake (Shoals:1)
  4 wraiths (Lair:4)
  30 yaks
  Grum (D:8)
  A steam dragon (D:8)
  A basilisk (Lair:1)
  4 hippogriffs
  5 water moccasins
  7 porcupines
  Duvessa (D:5)
  7 soldier ants (Lair:3)
  2 orc warriors
  A black bear (Lair:5)
  A sky beast (D:7)
  2 phantoms
  2 ogres (D:5)
  21 wolves
  3 centaurs
  5 crocodiles
  3 giant frogs
  A gnoll sergeant (D:7)
  Dowan (D:5)
  3 scorpions
  5 killer bees (D:8)
  A howler monkey (D:8)
  2 electric eels (Lair:2)
  2 crimson imps
  2 giant frog skeletons
  5 hounds
  A jelly (D:8)
  Crazy Yiuf (D:5)
  A centaur skeleton (D:8)
  2 orc priests
  7 orc wizards
  12 iguanas
  Jessica (D:7)
  21 worker ants
  13 sheep
  A hound zombie (D:5)
  10 gnolls
  10 adders
  32 river rats
  3 shadow imps (D:5)
  3 worms
  9 giant geckos
  16 orcs
  7 bats
  3 giant cockroaches
  8 goblins
  9 hobgoblins
  4 jackals (D:6)
  9 kobolds
  2 quokkas
  2 giant gecko skeletons
  7 giant newts
  A quokka skeleton (D:7)
  A quokka zombie (D:6)
  5 rats
  2 fungi (Lair:2)
  6 plants
383 creatures vanquished.

Vanquished Creatures (collateral kills)
  A hydra (Lair:4)
  3 fire bats (Lair:4)
  A phantom (D:7)
  A fungus (Lair:4)
6 creatures vanquished.

Vanquished Creatures (others)
  A fungus (Lair:4)
1 creature vanquished.

Grand Total: 390 creatures vanquished

Notes
Turn   | Place    | Note
--------------------------------------------------------------
     0 | D:1      | Tasticka the Hill Orc Fighter began the quest for the Orb.
     0 | D:1      | Reached XP level 1. HP: 19/19 MP: 1/1
    37 | D:1      | Reached skill level 3 in Axes
    41 | D:1      | Reached XP level 2. HP: 27/27 MP: 2/2
   584 | D:2      | Reached XP level 3. HP: 31/33 MP: 3/3
  1064 | D:2      | Reached XP level 4. HP: 38/40 MP: 4/4
  1071 | D:2      | Reached skill level 4 in Axes
  1769 | D:3      | Reached XP level 5. HP: 42/46 MP: 5/5
  2004 | D:3      | Found a sparkling altar of Nemelex Xobeh.
  2035 | D:3      | Found a shadowy altar of Dithmenos.
  2036 | D:3      | Found a radiant altar of Vehumet.
  2047 | D:3      | Found a shimmering altar of Xom.
  2050 | D:3      | Found a sacrificial altar of Ru.
  2050 | D:3      | Found an iron altar of Okawaru.
  2095 | D:3      | Reached skill level 5 in Axes
  2516 | D:4      | Reached XP level 6. HP: 50/53 MP: 6/6
  2599 | D:4      | Reached skill level 5 in Shields
  2745 | D:4      | Got a translucent turquoise ring
  2746 | D:4      | Identified the ring of Ostri {rPois Str+4 Dex+3} (You found it on level 4 of the Dungeon)
  2828 | D:4      | Found an iron altar of Okawaru.
  2866 | D:4      | Became a worshipper of Warmaster Okawaru
  3059 | D:5      | Entered Level 5 of the Dungeon
  3100 | D:5      | Reached skill level 5 in Fighting
  3100 | D:5      | Reached skill level 6 in Axes
  3100 | D:5      | Reached XP level 7. HP: 59/61 MP: 7/7
  3555 | D:5      | Reached skill level 5 in Armour
  3662 | D:5      | Noticed Dowan
  3671 | D:5      | Killed Dowan
  3671 | D:5      | Reached skill level 7 in Axes
  3673 | D:5      | Noticed Duvessa
  3682 | D:5      | Killed Duvessa
  3682 | D:5      | Reached * piety under Okawaru
  3682 | D:5      | Reached XP level 8. HP: 63/69 MP: 8/8
  4012 | D:5      | Noticed Crazy Yiuf
  4017 | D:5      | Killed Crazy Yiuf
  4558 | D:6      | Found a staircase to the Ecumenical Temple.
  4643 | D:6      | Reached skill level 8 in Axes
  5567 | D:7      | Learned a level 2 spell: Confusing Touch
  5571 | D:7      | Learned a level 3 spell: Confuse
  5654 | D:7      | Got a pitted chain mail
  5666 | D:7      | Identified the +2 chain mail of Nemelex Xobeh's Hope {*Contam Dex+4} (You found it on level 7 of the Dungeon)
  5873 | D:7      | Found a snail-covered altar of Cheibriados.
  5894 | D:7      | Gained mutation: Your body sometimes deteriorates upon taking damage. [mutagenic meat]
  5918 | D:7      | Reached skill level 1 in Hexes
  6300 | D:7      | Noticed Jessica
  6310 | D:7      | Killed Jessica
  6311 | D:7      | Found a deep blue altar of Sif Muna.
  6358 | D:7      | Reached XP level 9. HP: 78/78 MP: 9/9
  6388 | D:7      | Reached skill level 9 in Axes
  6543 | Temple   | Entered the Ecumenical Temple
  6666 | D:8      | Noticed Grum
  6670 | D:8      | Reached ** piety under Okawaru
  6675 | D:8      | Reached skill level 1 in Spellcasting
  6683 | D:8      | Killed Grum
  6897 | D:8      | Learned a level 1 spell: Sandblast
  7030 | D:8      | Reached skill level 10 in Axes
  7199 | D:8      | Noticed Prince Ribbit
  7221 | D:8      | Killed Prince Ribbit
  7221 | D:8      | Reached *** piety under Okawaru
  7224 | D:8      | Noticed Thael's ghost (novice HuFi)
  7243 | D:8      | Killed Thael's ghost
  7243 | D:8      | Reached XP level 10. HP: 60/88 MP: 11/11
  7248 | D:8      | Noticed Joseph
  7272 | D:8      | Killed Joseph
  7272 | D:8      | Reached skill level 11 in Axes
  7487 | D:8      | Found a staircase to the Lair.
  7583 | D:8      | Got a twisted chain mail
  7594 | D:8      | Identified the cursed +1 chain mail of Filth {rElec} (You took it off Joseph on level 8 of the Dungeon)
  7648 | D:8      | Gained mutation: Your spells are a little easier to cast, but a little less powerful. [mutagenic glow]
  7883 | Lair:1   | Entered Level 1 of the Lair of Beasts
  7931 | Lair:1   | Reached **** piety under Okawaru
  7934 | Lair:1   | Reached skill level 10 in Shields
  7958 | Lair:1   | Noticed a black mamba
  7964 | Lair:1   | Killed a black mamba
  8508 | Lair:1   | Reached skill level 12 in Axes
  8532 | Lair:1   | Reached XP level 11. HP: 47/95 MP: 12/12
  8576 | Lair:1   | Gained mutation: You occasionally shout uncontrollably at your foes. [potion of mutation]
  8576 | Lair:1   | Gained mutation: Your magical capacity is low (-10% MP). [potion of mutation]
  8576 | Lair:1   | Gained mutation: Your flesh is heat resistant. [potion of mutation]
  8581 | Lair:1   | Reached ***** piety under Okawaru
  9447 | Lair:2   | Noticed a griffon
  9460 | Lair:2   | Killed a griffon
  9579 | Lair:2   | Got a polished leather armour
  9580 | Lair:2   | Identified the +3 leather armour of the Five of Cups {+Fly} (You found it on level 2 of the Lair of Beasts)
  9603 | Lair:2   | Noticed Fannar
  9633 | Lair:2   | Killed Fannar
  9691 | Lair:2   | Reached skill level 13 in Axes
  9936 | Lair:2   | Received a gift from Okawaru
 10654 | Lair:3   | Noticed a queen ant
 10666 | Lair:3   | Killed a queen ant
 10712 | Lair:3   | Reached XP level 12. HP: 89/106 MP: 12/12
 10755 | Lair:3   | Reached skill level 10 in Fighting
 11000 | Lair:3   | Noticed Urug
 11019 | Lair:3   | Killed Urug
 11019 | Lair:3   | Received a gift from Okawaru
 11020 | Lair:3   | Got a crude ring mail {god gift}
 11032 | Lair:3   | Identified the +1 ring mail of Space {rElec rF+ MP+9} (Okawaru gifted it to you on level 3 of the Lair of Beasts)
 11067 | Lair:3   | Gained mutation: Your spells are easier to cast, but less powerful. [mutagenic glow]
 11439 | Lair:4   | Found a labyrinth entrance.
 11452 | Lair:4   | Reached skill level 14 in Axes
 11453 | Lair:4   | Reached skill level 10 in Armour
 11472 | Lair:4   | Reached ****** piety under Okawaru
 11536 | Lab      | Entered a labyrinth
 13220 | Lab      | Noticed a minotaur
 13231 | Lab      | Killed a minotaur
 13235 | Lab      | Identified the Incunabulum of the Displaced Blaze
 13499 | Lair:4   | Noticed Josephine
 13514 | Lair:4   | Killed Josephine
 13614 | Lair:4   | Noticed an eight-headed hydra
 13641 | Lair:4   | Killed an eight-headed hydra
 13995 | Lair:4   | Learned a level 1 spell: Corona
 14008 | Lair:4   | Noticed Harold
 14031 | Lair:4   | Killed Harold
 14031 | Lair:4   | Reached XP level 13. HP: 105/116 MP: 13/13
 14203 | Lair:4   | Received a gift from Okawaru
 14556 | Lair:5   | Reached skill level 15 in Axes
 14627 | Lair:5   | Noticed wojtek's ghost (journeyman KoBe)
 14669 | Lair:5   | Killed wojtek's ghost
 14777 | Lair:5   | Got a shimmering leather armour
 15114 | Lair:5   | Found a staircase to the Shoals.
 15708 | Shoals:1 | Entered Level 1 of the Shoals
 15781 | Shoals:1 | Noticed Nikola
 15798 | Shoals:1 | HP: 1/118 [Nikola/chain lightning (25)]
 15798 | Shoals:1 | Killed from afar by Nikola

Skill      XL: |  1  2  3  4  5  6  7  8  9 10 11 12 13 |
---------------+----------------------------------------+-----
Axes           | 3 4 5 6 7 8 10 12 13 14 15 | 15.3
Shields        | 4 5 6 7 9 10 12 13 | 13.4
Fighting       | 4 5 6 7 8 9 11 12 | 12.3
Armour         | 4 5 7 9 10 11 | 11.5
Hexes          | 1 |  1.8
Spellcasting   | 1 2 |  2.6

Action                   |  1- 3 |  4- 6 |  7- 9 | 10-12 | 13-15 || total
-------------------------+-------+-------+-------+-------+-------++-------
Melee: War axe           |    91 |   162 |   281 |   547 |   232 ||  1313
       Staff             |       |       |       |     3 |    14 ||    17
Invok: Heroism           |       |       |     2 |     5 |     3 ||    10
       Finesse           |       |       |       |     1 |     2 ||     3
Evoke: Wand              |       |     1 |     2 |     4 |       ||     7
  Use: Scroll            |     1 |     5 |     8 |    13 |     3 ||    30
       Potion            |       |     3 |     4 |     6 |     2 ||    15
 Stab: Invisible         |       |       |       |     2 |       ||     2
  Eat: Bread ration      |     1 |     1 |     1 |     3 |       ||     6
       Beef jerky        |       |     1 |       |       |       ||     1
       Meat ration       |       |       |     1 |     1 |       ||     2
       Chunk             |       |       |     1 |       |       ||     1
       Fruit             |       |       |     1 |     4 |     4 ||     9
       Pizza             |       |       |       |     2 |       ||     2
       Royal jelly       |       |       |       |     1 |       ||     1
Armor: Scale mail        |    40 |    67 |    37 |       |       ||   144
       Chain mail        |       |       |    81 |   163 |    47 ||   291
Dodge: Dodged            |    37 |    61 |    78 |   112 |    35 ||   323
Block: Shield            |    42 |   106 |   170 |   357 |   182 ||   857
       Reflection        |       |       |       |       |     3 ||     3
